cohdb
Replays
Latest Replays
All Replays
Popular Replays
Top Player Replays
Match Explorer
How It Works
Community
CoH3 Stats
Reddit
Sign in to upload your games and track your stats! →
Sign in with Steam
Match 45619725
Unlisted
Match 45619725
Overview
Messages
Build Orders
End
Construct Infanterie Kompanie
Pioneer Squad
Selects Breakthrough Battlegroup
Selects Assault Grenadiers
MG 42 Machine Gun Team
Grenadier Squad
MG 42 Machine Gun Team
Construct Panzergrenadier Kompanie
Pak 40 Anti-tank Gun Team
Support Elements
Selects Rapid Production
Panzergrenadier Squad
Forward Retreat Point
Medical Bunker
MG 42 Machine Gun Team
StuG III G Assault Gun
StuG III G Assault Gun
Nebelwerfer 42 Rocket Launcher Team
WЇЌĭήğ§* ★assasin
Tanzeel
Stormless
Qhunter
Jenasaie
Project KV
0
0
Comments
sign in to comment!
No comments posted yet!